 Dungeon Crawl Stone Soup version 0.29-a0-925-g0a7a3d12f8 (webtiles) character file.

Game seed: 18176771608750390854

388 Mesmaeker13 the Shooter (level 6, -7/53 HPs)
             Began as a Ghoul Hunter on July 29, 2022.
             Killed by divine providence
             ... invoked by an orc priest
              (12 damage)
             ... on level 5 of the Dungeon.
             The game lasted 00:04:53 (3253 turns).

Mesmaeker13 the Shooter (Ghoul Hunter)              Turns: 3253, Time: 00:04:54

Health: -7/53      AC: 10    Str: 15    XL:     6   Next: 79%
Magic:  5/5        EV: 11    Int:  6    God:
Gold:   211        SH:  0    Dex: 12    Spells: 5/5 levels left

rFire   + . .      SeeInvis .   f - +4 dagger (venom)
rCold   . . .      Faith    .   (no shield)
rNeg    + + +      Spirit   .   v - +0 ring mail
rPois   ∞          Reflect  .   (no helmet)
rElec   .          Harm     .   d - +0 cloak
rCorr   .          Rampage  .   (no gloves)
Will    .....                   (no boots)
Stlth   +.........              (no amulet)
HPRegen 0.00/turn               g - ring of fire
MPRegen 0.09/turn               h - +4 ring of protection

@: inhibited regen
A: claws 1, cold resistance 1, negative energy resistance 3, inhibited
regeneration, torment resistance 2, devour on kill
a: no special abilities


You were on level 5 of the Dungeon.
You visited 1 branch of the dungeon, and saw 5 of its levels.

You collected 211 gold pieces.

Inventory:

Hand Weapons
 a - a +1 shortbow
 f - a +4 dagger of venom (weapon)
 k - a +0 quarterstaff
 n - a +1 vorpal mace
Missiles
 i - 2 throwing nets
Armour
 c - a +0 leather armour
 d - a +0 cloak (worn)
 v - a +0 ring mail (worn)
Jewellery
 g - a ring of fire (left claw)
 h - a +4 ring of protection (right claw)
 y - a ring of magical power
Wands
 l - a wand of flame (22)
 u - a wand of digging (7)
Scrolls
 b - 2 scrolls of immolation
 j - a scroll of enchant weapon
 m - a scroll of amnesia {unknown}
 o - a scroll of vulnerability
 p - a scroll of torment {unknown}
 q - a scroll of magic mapping {unknown}
 r - a scroll of teleportation {unknown}
 s - a scroll of poison {unknown}
 z - a scroll of enchant armour {unknown}
Potions
 e - a potion of haste
 w - a potion of brilliance
 x - a potion of lignification {unknown}


   Skills:
 + Level 4.7 Fighting
 + Level 5.0 Ranged Weapons
 + Level 1.0 Armour
 - Level 3.7 Dodging
 - Level 1.1 Stealth


You had 5 spell levels left.
You didn't know any spells.
Your spell library was empty.

Dungeon Overview and Level Annotations

Branches:
Dungeon (5/15)
 Temple: D:4-7

Altars:
Ru

Shops:
D:1 :


Innate Abilities, Weirdness & Mutations

You are immune to poison.
You have sharp fingernails.
Your flesh is cold resistant. (rC+)
You are immune to negative energy. (rN+++)
You do not regenerate when monsters are visible.
You are immune to unholy pain and torment.
You thrive by killing the living.


Message History

The orc is moderately wounded.
The orc hits you but does no damage.
You closely miss the orc.
The orc is severely wounded.
The orc barely misses you.
You hit the orc.
You kill the orc!
You feel better.
You barely miss the orc priest. Your claw misses the orc priest.
The orc priest mumbles some strange prayers to Beogh against you.
Beogh smites you!
You barely miss the orc priest.
You claw the orc priest, but do no damage.
The orc priest hits you but does no damage.
You barely miss the orc priest. The orc priest closely misses you.
You hit the orc priest but do no damage.
The orc priest looks braver for a moment.
You barely miss the orc priest.
The orc priest mumbles some strange prayers to Beogh against you.
Beogh smites you!
You hit the orc priest.
The orc priest is poisoned.
The orc priest is moderately wounded.
The orc priest hits you with a +0 flail.
* * * LOW HITPOINT WARNING * * *
You hit the orc priest.
The orc priest is moderately wounded.
The orc priest hits you with a +0 flail.
* * * LOW HITPOINT WARNING * * *
You closely miss the orc priest.
The orc priest is heavily wounded.
The orc priest closely misses you.
You closely miss the orc priest.
The orc priest is severely wounded.
The orc priest misses you.
You hit the orc priest but do no damage.
The orc priest looks as sick as possible!
The orc priest is almost dead.
The orc priest invokes the aid of Beogh against you.
Beogh smites you!
You die...

#.##.
###....
....oo.
.......
..o.. ...
#)##########
#.....o@...#
#########.##
#.......#
#.......#
###.#...#
#.#.###
###.####
#.)..#
####)#


You could see an orc priest (extremely poisoned).

Vanquished Creatures
  A bullfrog (D:4)
  An orc priest (D:4)
  3 orc wizards
  Natasha (thrice) (D:2)
  3 gnolls (D:5)
  3 adders
  A worm (D:4)
  A dart slug (D:3)
  9 orcs
  9 ball pythons
  7 endoplasms
  A giant cockroach (D:4)
  11 goblins
  11 hobgoblins
  6 jackals
  2 quokkas (D:1)
  4 bats
  2 frilled lizards (D:1)
  3 rats (D:3)
81 creatures vanquished.

Notes
Turn   | Place    | Note
-------+----------+-------------------------------------------
     0 | D:1      | Mesmaeker13 the Ghoul Hunter began the quest for the Orb.
     0 | D:1      | Reached XP level 1. HP: 17/17 MP: 0/0
    80 | D:1      | Reached XP level 2. HP: 25/25 MP: 1/1
   356 | D:1      | Reached XP level 3. HP: 30/30 MP: 2/2
   527 | D:1      | Found Wegaumaer's Book Shop.
   703 | D:2      | Noticed Natasha
   712 | D:2      | Killed Natasha
   713 | D:2      | Reached skill level 4 in Ranged Weapons
   713 | D:2      | Reached XP level 4. HP: 37/38 MP: 3/3
   830 | D:2      | Found a faded altar of an unknown god.
   873 | D:2      | Noticed Natasha
   878 | D:2      | Killed Natasha
  1133 | D:2      | Noticed Natasha
  1137 | D:2      | Killed Natasha
  1138 | D:2      | Reached XP level 5. HP: 45/45 MP: 4/4
  1309 | D:3      | Found a sacrificial altar of Ru.
  2188 | D:3      | Reached XP level 6. HP: 41/52 MP: 5/5
  2824 | D:4      | Reached skill level 5 in Ranged Weapons
  3059 | D:5      | Entered Level 5 of the Dungeon
  3143 | D:5      | Reached skill level 1 in Armour
  3253 | D:5      | Killed from afar by an orc priest

Illustrated notes

Levels and vault maps discovered:
D:1:      eino_arrival_tree_alley, layout_basic, serial_shops, shop,
          minmay_misc_feat_rugged
D:2:      layout_rooms, hellmonk_ecumenical_altar_pennies_from_heaven,
          uniq_natasha
D:3:      layout_basic, lemuel_coloured_pillars_altar, nicolae_ru_awakened_eye,
          kennysheep_cluttered_room
D:4:      layout_basic
D:5:      gammafunk_steamed_eel, layout_basic, old_standard_altar

Skill      XL: |  1  2  3  4  5  6 |
---------------+-------------------+-----
Dodging        | 2 3 |  3.7
Fighting       | 3 4 |  4.7
Ranged Weapons | 4 5 |  5.0
Armour         | 1 |  1.0
Stealth        | |  1.1

Action                   |  1- 3 |  4- 6 || total
-------------------------+-------+-------++-------
Melee: Mace              |       |    30 ||    30
       Dagger            |       |    15 ||    15
       Punch             |       |     1 ||     1
 Fire: Shortbow          |    82 |   154 ||   236
  Use: Scroll            |       |     3 ||     3
       Potion            |       |     1 ||     1
Armor: Leather armour    |     5 |    38 ||    43
       Ring mail         |       |    16 ||    16
Dodge: Dodged            |    27 |    80 ||   107

Table legend: (Time is in decaauts)
 A = Elapsed time spent in this place.
 B = Non-inter-level travel time spent in this place.
 C = Inter-level travel time spent in this place.
 D = Time resting spent in this place.
 E = Time spent auto-exploring this place.
 F = Levels seen in this place.
 G = Mean time per level.
                   A        B        C        D        E       F      G
               +--------+--------+--------+--------+--------+-----+--------+
         Total |   3363 |   3177 |    186 |    440 |   2104 |   5 |  672.6 |
       Dungeon |   3363 |   3177 |    186 |    440 |   2104 |   5 |  672.6 |
               +--------+--------+--------+--------+--------+-----+--------+

Top non-repeatable levels by time:
     D:4: 933 daAuts
     D:3: 857 daAuts
     D:1: 728 daAuts
     D:2: 641 daAuts
     D:5: 203 daAuts
